 Dungeon Crawl Stone Soup version 0.26-a0-613-g4f23886 (webtiles) character file.

Game seed: 14756884778014581754

552962 edsrzf the Middleweight Champion (level 26, -6/233 HPs)
             Began as a Ghoul Berserker on Sept 8, 2020.
             Was the Champion of Trog.
             Mangled by a black draconian monk (28 damage)
             ... on level 1 of the Realm of Zot on Sept 10, 2020.
             The game lasted 03:16:57 (65170 turns).

edsrzf the Middleweight Champion (Ghoul Berserker) Turns: 65170, Time: 03:16:59

Health: -6/233     AC: 54    Str: 33    XL:     26   Next: 38%
Magic:  0/22       EV: 16    Int:  8    God:    Trog [******]
Gold:   3338       SH:  0    Dex: 19    Spells: 25/25 levels left

rFire    . . .     SeeInvis +     - Unarmed
rCold    + + .     Faith    .   (no shield)
rNeg     + + +     Spirit   +   U - +11 crystal plate armour
rPois    ∞         Reflect  .   W - +0 helmet {SInv}
rElec    .         Harm     .   J - +1 cloak of the Soldier {rC+ Str+4 Stlth+}
rCorr    +                      g - +3 pair of gauntlets of War {Slay+5}
MR       +....                  o - +2 pair of boots {run}
Stlth    ..........             B - amulet "Hazomeigh" {Spirit Dex+8}
HPRegen  0.00/turn              e - ring of resist corrosion
MPRegen  0.18/turn              m - ring "Pomanaz" {+Blink +Fly Int+5}

@: quick
A: rotting body, claws 1, cold resistance 1, negative energy resistance 3,
inhibited regeneration, torment resistance, unbreathing
}: 3/15 runes: serpentine, barnacled, abyssal
a: Trog's Hand, Brothers in Arms, Renounce Religion, Evoke Blink, Evoke Flight


You were on level 1 of the Realm of Zot.
You worshipped Trog.
Trog was exalted by your worship.
You visited 9 branches of the dungeon, and saw 45 of its levels.
You visited the Abyss 2 times.
You visited 1 bazaar.
You also visited: Trove, Sewer and Gauntlet.

You collected 6014 gold pieces.
You spent 2676 gold pieces at shops.

Inventory:

Hand Weapons
 b - the +2 arbalest "Xoisch" {freeze, rF+}
   (You acquired it on level 2 of the Orcish Mines)

   It causes projectiles fired from it to freeze those they strike, causing
   extra injury to most foes and up to half again as much damage against
   particularly susceptible opponents.
   They can also slow down cold-blooded creatures.
   It protects you from fire.
Missiles
 j - 1496 bolts
 x - 209 poisoned darts (quivered)
 I - 3 throwing nets {=f}
 Y - 4 curare-tipped darts
Armour
 g - the +3 pair of gauntlets of War (worn) {Slay+5}
   (You found it in a treasure trove)

   It affects your accuracy and damage with ranged weapons and melee attacks
   (+5).
 o - a +2 pair of boots of running (worn)
 J - the +1 cloak of the Soldier (worn) {rC+ Str+4 Stlth+}
   (You found it on level 1 of the Elven Halls)

   It affects your strength (+4).
   It protects you from cold.
   It makes you more stealthy.
 Q - the +1 pair of gloves of Demons {rF+ MR++ Str+3 Int+4}
   (You found it in a treasure trove)

   It affects your strength (+3).
   It affects your intelligence (+4).
   It protects you from fire.
   It affects your resistance to hostile enchantments.
 U - a +11 crystal plate armour (worn)
 V - the +3 warlock's mirror {reflect}
   (You found it in a treasure trove)
 W - a +0 helmet of see invisible (worn)
Jewellery
 e - a ring of resist corrosion (left hand)
 h - an uncursed ring of protection from fire
 m - the ring "Pomanaz" (right hand) {+Blink +Fly Int+5}
   (You took it off a naga mage on level 2 of the Snake Pit)

   [ring of flight]

   It affects your intelligence (+5).
   It lets you fly.
   It lets you blink.
 B - the amulet "Hazomeigh" (around neck) {Spirit Dex+8}
   (You found it on level 3 of the Elven Halls)

   [amulet of guardian spirit]

   It causes incoming damage to be split between your health and magic.
   It affects your dexterity (+8).
 C - an uncursed ring of protection from magic
 G - an uncursed ring of protection from magic
 Z - an uncursed ring of flight
Wands
 a - a wand of digging (44)
 H - a wand of iceblast (30)
 M - a wand of flame (89)
 N - a wand of paralysis (13)
 O - a wand of acid (19)
 P - a wand of enslavement (53)
 T - a wand of disintegration (20)
Scrolls
 k - a scroll of summoning
 l - 19 scrolls of remove curse {@r2}
 n - 7 scrolls of enchant weapon
 q - 18 scrolls of teleportation {@r3}
 s - 12 scrolls of magic mapping
 w - 6 scrolls of fear
 y - 2 scrolls of identify {@r1}
 A - a scroll of silence {!r}
 D - 4 scrolls of torment {!r}
 K - 8 scrolls of fog
 L - a scroll of brand weapon
 R - 5 scrolls of blinking
Potions
 c - 3 potions of magic
 d - 4 potions of resistance
 f - 5 potions of cancellation
 p - 6 potions of haste
 r - 11 potions of heal wounds
 t - 3 potions of flight
 u - 3 potions of might
 v - 4 potions of ambrosia
 z - 24 potions of curing
 E - 4 potions of invisibility
 F - 8 potions of stabbing
Miscellaneous
 i - a phantom mirror
 S - a condenser vane (2/2)
 X - a phantom mirror


   Skills:
 - Level 18.3 Fighting
 + Level 14.5 Crossbows
 + Level 24.1 Armour
 - Level 11.5 Dodging
 O Level 27 Unarmed Combat
 - Level 13.0 Evocations


You had 25 spell levels left.
You didn't know any spells.
Your spell library contained the following spells:

 Spells                   Type           Power        Failure   Level
 Apportation              Tloc           #.....       94%         1
 Magic Dart               Conj           #...         94%         1
 Summon Small Mammal      Summ           #...         94%         1
 Blink                    Tloc           N/A          98%         2
 Call Imp                 Summ           #.......     98%         2
 Slow                     Hex            #.......     98%         2
 Call Canine Familiar     Summ           #.......     100%        3
 Confusing Touch          Hex            #.......     100%        3
 Conjure Flame            Conj/Fire      #.......     100%        3
 Gell's Gravitas          Tloc           #.........   100%        3
 Lesser Beckoning         Tloc           #.........   100%        3
 Mephitic Cloud           Conj/Pois/Air  #.......     100%        3
 Summon Guardian Golem    Hex/Summ       #.......     100%        3
 Teleport Other           Tloc           #.......     100%        3
 Tukima's Dance           Hex            #.......     100%        3
 Passage of Golubria      Tloc           N/A          100%        4
 Petrify                  Tmut/Erth      #.......     100%        4
 Summon Ice Beast         Ice/Summ       #.......     100%        4
 Summon Lightning Spire   Summ/Air       #.......     100%        4
 Alistair's Intoxication  Tmut/Pois      #........    100%        5
 Metabolic Englaciation   Hex/Ice        #.........   100%        5
 Yara's Violent Unravell  Hex/Tmut       #.........   100%        5
 Invisibility             Hex            #.......     100%        6


Dungeon Overview and Level Annotations

Branches:
Dungeon (15/15)            Temple (0/1) D:6            Lair (6/6) D:8
 Shoals (4/4) Lair:2        Snake (4/4) Lair:2        Slime (0/5) Lair:6
    Orc (2/2) D:10            Elf (3/3) Orc:2        Vaults (4/5) D:13
  Crypt (0/3) Vaults:2     Depths (5/5) D:15            Zot (2/5) Depths:5
  Sewer (visited)         Gauntlet (visited)

Altars:
Ashenzari
Fedhas
Kikubaaqudgha
Makhleb
Ru
Sif Muna
Trog
Vehumet
Yredelemnul
Beogh
Jiyva
Lugonu

Shops:
D:8 ?   D:9 *   D:14 :(   Orc:2 [=?*   Shoals:3 (   Snake:1 :=}=   Snake:3 =
Vaults:1 [   Vaults:2 (   Vaults:3 ?***   Vaults:4 [[[*   Depths:3 }

Portals:
Hell: Depths:1 Depths:2 Depths:3 Depths:4 Depths:5
Abyss: Depths:1 Depths:4
Pandemonium: Depths:2 Depths:3
Ziggurat: Depths:4

Annotations:
Shoals:3 1 runed translucent door, Fuleax's ghost, journeyman GrFi
Depths:4 exclusion: 2 ice statues


Innate Abilities, Weirdness & Mutations

Your body is rotting away.
You thrive by killing the living.
You are immune to poison.
You have sharp fingernails.
Your flesh is cold resistant. (rC+)
You are immune to negative energy. (rN+++)
You do not regenerate when monsters are visible.
You are immune to unholy pain and torment.
You can survive without breathing.


Message History

The yellow draconian is lightly wounded.
The bolt of acid hits the white draconian knight!
The white draconian knight is splashed with acid.
The white draconian knight is severely wounded.
The black draconian monk hits you but does no damage.
The black draconian monk kicks you but does no damage.
The black draconian monk tail-slaps you but does no damage.
The black draconian monk hits you.
* * * LOW HITPOINT WARNING * * *
The black draconian monk kicks you but does no damage.
The black draconian monk closely misses you.
Evoke which item? (* to show all) (? for menu, Esc to quit)
Press: ? - help, Shift-Dir - straight line, f - yellow draconian, p - white draconian knight
Aim: a yellow draconian, wielding a +0 long sword (lightly wounded)
The bolt of acid misses the black draconian monk.
The bolt of acid hits the white draconian knight!
The white draconian knight is splashed with acid.
The white draconian knight is severely wounded.
The bolt of acid hits the yellow draconian!
The yellow draconian is lightly wounded.
The white draconian knight casts a spell.
The white draconian knight flickers and vanishes for a moment.
The black draconian monk hits you.
* * * LOW HITPOINT WARNING * * *
The black draconian monk kicks you!
* * * LOW HITPOINT WARNING * * *
The black draconian monk misses you.
Evoke which item? (* to show all) (? for menu, Esc to quit)
Aiming: Corrosive Bolt
Press: ? - help, Shift-Dir - straight line, f/p - yellow draconian
Aim: a yellow draconian, wielding a +0 long sword (lightly wounded)
The bolt of acid misses the black draconian monk.
The bolt of acid hits the white draconian knight!
The white draconian knight is splashed with acid.
The acid corrodes the white draconian knight!
The white draconian knight is almost dead.
The bolt of acid misses the yellow draconian.
The black draconian monk barely misses you.
The black draconian monk kicks you but does no damage.
The black draconian monk tail-slaps you but does no damage.
The white draconian knight closely misses you.
The black draconian monk hits you.
* * * LOW HITPOINT WARNING * * *
The black draconian monk kicks you but does no damage.
The black draconian monk misses you.
You feel much better.
The white draconian knight hits you but does no damage.
The black draconian monk barely misses you.
The black draconian monk kicks you but does no damage.
The black draconian monk barely misses you.
Unknown command.
Things that are here:
+0 shadow dragon scales; a shadow dragon corpse
Press: ? - help, v - describe, . - travel
Here: a black draconian monk, wearing a +0 cloak (heavily wounded, berserk)
The floor, spattered with blood.
Your crystal plate armour prevents you from hitting the black draconian monk.
The black draconian monk is heavily wounded.
The black draconian monk hits you but does no damage.
The black draconian monk kicks you but does no damage.
The black draconian monk tail-slaps you but does no damage.
Your crystal plate armour prevents you from hitting the black draconian monk.
Your punch misses the black draconian monk.
The black draconian monk is heavily wounded.
The black draconian monk hits you but does no damage.
The black draconian monk kicks you but does no damage.
The black draconian monk completely misses you.
You closely miss the black draconian monk.
Your punch misses the black draconian monk.
The black draconian monk is heavily wounded.
The black draconian monk hits you!!
* * * LOW HITPOINT WARNING * * *
The black draconian monk completely misses you.
The black draconian monk tail-slaps you!
* * * LOW HITPOINT WARNING * * *
You feel much better.
The black draconian monk hits you but does no damage.
The black draconian monk kicks you but does no damage.
The black draconian monk closely misses you.
The yellow draconian hits you but does no damage.
Okay, then.
You miss the black draconian monk. You punch the black draconian monk!!
The black draconian monk is heavily wounded.
The black draconian monk hits you but does no damage.
The black draconian monk kicks you but does no damage.
The black draconian monk tail-slaps you!
* * * LOW HITPOINT WARNING * * *
You feel much better.
The white draconian knight is no longer covered in acid.
The black draconian monk hits you!!
* * * LOW HITPOINT WARNING * * *
The black draconian monk kicks you but does no damage.
The black draconian monk misses you. The yellow draconian barely misses you.
You feel much better. The black draconian monk hits you!!
* * * LOW HITPOINT WARNING * * *
The black draconian monk kicks you but does no damage.
The black draconian monk misses you.
The yellow draconian closely misses you.
The black draconian monk hits you!!
You die...

**,,* *,,* #..#
*,,,,, ,,,,* *,,*
#..# *,,,,, ,,,,**
##,,* #..# *,,***
**,,,** ##..,* #..#
*,,* **,,,**##...#*
#..# *,,*
**,,,,......#* #..#
*,,* **,,,,,,#...##
##..# *,,*
********#...###...#
*,,* ##..@#...##
*,,* * ##.dq[...#*
*,,* ** ##.)(#...#*
**,,* ,**
*#...###...#**,,,*
,,***********#...##
*#y..#,,,**
,,,,,,,,,,,.....##
*#d...,**
*,,,,,,,,,,....#*
*#...**
**********#####*
**,..** **,,,,,** *


You could see a black draconian monk (berserk) and a yellow draconian.

Vanquished Creatures
  Mennas (Depths:5)
  An ancient lich (Depths:4)
  Boris (Depths:5)
  Saint Roka (Depths:3)
  The ghost of qborf2 the Eclecticist, a veteran TeCj of Vehumet (Depths:4)
  The ghost of Mostry the Phalangite, a veteran MfBe of Trog (Depths:3)
  Margery (Depths:2)
  The ghost of Pujoirph the Impaler, an adept MfFi of Ashenzari (Vaults:4)
  A golden dragon (Zot:1)
  Nikola (Elf:2)
  A bone dragon (Depths:5)
  Rupert (D:15)
  5 liches
  2 deep elf master archers (Elf:3)
  A quicksilver dragon (Depths:3)
  3 deep elf blademasters
  An acid blob (Depths:2)
  2 titans
  3 sphinxes
  Polyphemus (Shoals:4)
  2 tentacled starspawn (Abyss:3)
  4 tengu reavers
  Frances (Shoals:2)
  A thorn hunter (Depths:2)
  5 shadow dragons
  11 nagarajas
  4 daevas
  6 draconian monks
  7 fire giants
  A draconian scorcher (Depths:5)
  7 vault wardens
  7 deep elf sorcerers
  4 deep elf elementalists
  Louise (Depths:4)
  11 frost giants
  2 angels
  2 draconian shifters (Zot:1)
  14 stone giants
  16 very ugly things
  The ghost of taqueso the Bludgeoner, a journeyman DgGl (Orc:2)
  2 ophanim (Abyss:4)
  A vampire knight (Depths:5)
  13 ironheart preservers
  2 green draconians
  7 deep elf demonologists (Elf:3)
  2 entropy weavers
  5 deep elf annihilators
  3 black draconians
  2 dire elephants
  2 white draconians (Zot:1)
  A red draconian (Depths:5)
  3 spark wasps
  A minotaur (Gauntlet)
  12 ettins
  6 merfolk javelineers
  5 deep elf death magi
  8 merfolk impalers
  A blizzard demon (Depths:4)
  A crystal guardian (Vaults:4)
  8 fire dragons
  2 deep elf high priests (Elf:3)
  3 great orbs of eyes
  5 rakshasas
  8 yaktaur captains
  13 naga warriors
  The ghost of zxspectator the Basher, a journeyman GrFi of Gozag (Lair:1)
  Erolcha (D:12)
  6 vault guards
  21 ice dragons
  A hydra (shapeshifter) (Vaults:4)
  A spriggan air mage (Depths:5)
  11 hydras
  A catoblepas (Shoals:4)
  4 merfolk avatars
  13 centaur warriors
  18 ogre magi
  7 merfolk aquamancers
  10 anacondas
  3 death knights
  An alligator snapping turtle (Shoals:4)
  4 death yaks (Shoals:4)
  44 two-headed ogres
  4 satyrs
  36 dancing weapons
  11 tengu warriors
  6 deep troll shamans
  Urug (Orc:2)
  12 deep troll earth magi
  3 orc high priests
  7 shock serpents
  2 thrashing horrors
  28 deep elf knights
  A soul eater (Depths:3)
  17 naga sharpshooters
  8 spriggan berserkers
  13 skeletal warriors
  A fire crab (Lair:6)
  A shadow wraith (Vaults:3)
  2 iron trolls (Depths:2)
  5 salamander mystics
  13 unseen horrors
  2 cherubim (Abyss:4)
  3 wretched stars (Abyss:3)
  8 large abominations
  41 deep trolls
  14 hell knights
  14 sea snakes
  A spatial maelstrom (Depths:5)
  12 naga ritualists
  A swamp dragon (Lair:6)
  A glowing orange brain (shapeshifter) (Vaults:4)
  A flayed ghost (Vaults:1)
  12 deep elf archers
  3 glowing orange brains
  16 wizards
  33 harpies
  17 ironbrand convokers
  2 phantasmal warriors
  4 orange crystal statues (D:10)
  13 orc knights
  59 deep elf magi
  12 mana vipers
  An orb spider (Depths:1)
  6 necromancers
  A wolf spider zombie (D:15)
  14 manticores
  A worldbinder (Abyss:3)
  20 fauns
  3 oklob plants
  5 orc sorcerers
  23 slime creatures
  5 wolf spiders
  13 cyclopes
  8 salamanders
  42 ugly things
  A frost giant skeleton (Vaults:4)
  22 naga magi
  6 moths of wrath
  29 elephants
  A black mamba (shapeshifter) (Vaults:3)
  5 water nymphs
  An elephant (shapeshifter) (Depths:2)
  11 merfolk sirens
  A stone giant skeleton (Vaults:4)
  A water nymph (shapeshifter) (D:10)
  7 guardian serpents (Snake:4)
  14 vault sentinels
  An apocalypse crab (Abyss:3)
  28 black mambas
  A cane toad (shapeshifter) (Vaults:3)
  A rust devil (Abyss:4)
  2 centaur skeletons
  7 cane toads
  2 minotaur zombies (Gauntlet)
  A hellion (Abyss:3)
  3 gargoyles (D:14)
  An efreet (D:15)
  4 rime drakes
  A kobold demonologist (D:13)
  40 yaktaurs
  A yaktaur (shapeshifter) (Vaults:2)
  2 hellwings (Depths:3)
  8 komodo dragons
  4 ancient zymes
  3 ice devils (Depths:4)
  5 tengu conjurers
  A yaktaur skeleton (Vaults:4)
  10 freezing wraiths
  9 trolls
  A jumping spider (shapeshifter) (Depths:4)
  3 wind drakes (Shoals:3)
  26 merfolk
  15 polar bears
  2 queen bees (shapeshifter)
  A troll (shapeshifter) (Depths:1)
  5 hornets
  Prince Ribbit (D:7)
  9 blink frogs
  A raiju (Abyss:3)
  A dream sheep (shapeshifter) (D:14)
  A blink frog (shapeshifter) (Depths:2)
  A slime creature (shapeshifter) (Depths:5)
  5 snapping turtles
  Sigmund (D:2)
  9 dream sheep
  14 flying skulls
  A tarantella (Vaults:4)
  10 hippogriffs
  A shadow (D:14)
  A tarantella (shapeshifter) (Vaults:4)
  6 air elementals
  2 wyverns
  3 redbacks (Vaults:4)
  6 spriggans
  6 fire elementals
  35 water elementals
  A yak (shapeshifter) (Vaults:4)
  A ynoxinul (Abyss:3)
  A hog (shapeshifter) (Elf:3)
  6 basilisks
  3 fire bats (Depths:3)
  34 yaks
  3 steam dragons (Lair:6)
  4 chaos spawn
  4 wraiths
  3 neqoxecs
  6 vampire mosquitoes
  A soldier ant (shapeshifter) (Depths:4)
  19 wargs
  51 nagas
  8 soldier ants (D:8)
  5 acid dragons
  12 water moccasins
  16 hell hounds
  31 orc warriors
  A human zombie (Vaults:4)
  8 porcupines
  5 ice beasts
  10 sky beasts
  13 boggarts
  A necrophage (D:8)
  2 black bears (shapeshifter)
  16 black bears
  72 ogres
  A phantom (D:6)
  28 wolves
  17 centaurs
  9 small abominations
  7 crocodiles
  7 big kobolds
  15 bullfrogs
  A gnoll sergeant (D:6)
  A wyvern zombie (D:14)
  6 earth elementals
  A scorpion (D:9)
  27 killer bees
  17 wights
  4 electric eels
  6 howler monkeys
  A crimson imp (Depths:2)
  2 centaur zombies
  A human simulacrum (Vaults:3)
  A bullfrog zombie (D:6)
  10 hounds
  2 jellies
  4 quasits
  A bullfrog skeleton (D:9)
  19 orc priests
  22 orc wizards
  Jessica (D:2)
  7 iguanas
  6 hell rats (Lair:5)
  Terence (D:3)
  14 worker ants
  3 hound skeletons
  2 hound zombies
  A howler monkey zombie (D:11)
  10 gnolls
  8 river rats (Sewer)
  20 adders
  2 shadow imps
  7 white imps
  3 ufetubi
  An adder skeleton (D:5)
  9 worms
  2 dart slugs
  13 leopard geckos
  84 orcs
  7 ball pythons
  5 giant cockroaches
  5 goblins
  7 hobgoblins
  9 jackals
  7 bats
  4 frilled lizards
  A jackal skeleton (D:8)
  34 kobolds
  A quokka skeleton (D:6)
  26 rats
  4 crawling corpses (Elf:3)
  A plant (Shoals:1)
  A starspawn tentacle (Abyss:3)
2236 creatures vanquished.

Vanquished Creatures (collateral kills)
  A juggernaut (Abyss:4)
1 creature vanquished.

Vanquished Creatures (others)
  A frost giant (Vaults:4)
  A fire dragon (Zot:2)
  A boggart (Depths:1)
  2 orcs (Vaults:4)
  100 fungi
  415 plants
  6 starspawn tentacles (Abyss:3)
  3 withered plants (Gauntlet)
529 creatures vanquished.

Grand Total: 2766 creatures vanquished

Notes
Turn   | Place    | Note
-------+----------+-------------------------------------------
     0 | D:1      | edsrzf the Ghoul Berserker began the quest for the Orb.
     0 | D:1      | Reached XP level 1. HP: 19/19 MP: 0/0
   333 | D:1      | Reached XP level 2. HP: 26/26 MP: 1/1
   335 | D:1      | Reached skill level 4 in Unarmed Combat
   884 | D:1      | Reached XP level 3. HP: 31/31 MP: 2/2
  1524 | D:2      | Reached skill level 5 in Unarmed Combat
  1727 | D:2      | Reached ** piety under Trog
  1750 | D:2      | Noticed Jessica
  1767 | D:2      | Killed Jessica
  1767 | D:2      | Reached XP level 4. HP: 29/38 MP: 3/3
  1915 | D:2      | Noticed Sigmund
  1930 | D:2      | Killed Sigmund
  1930 | D:2      | Reached skill level 7 in Unarmed Combat
  1930 | D:2      | Reached XP level 5. HP: 31/45 MP: 4/4
  1930 | D:2      | Reached XP level 6. HP: 35/51 MP: 5/5
  2066 | D:2      | Found a radiant altar of Vehumet.
  2479 | D:3      | Found a faded altar of an unknown god.
  2512 | D:3      | Noticed Terence
  2519 | D:3      | Killed Terence
  2669 | D:3      | Found a shattered altar of Ashenzari.
  2777 | D:3      | Found a blossoming altar of Fedhas.
  3143 | D:3      | Identified 4 scrolls of teleportation
  3207 | D:4      | Noticed a moth of wrath
  3210 | D:4      | Found a bloodstained altar of Trog.
  3235 | D:4      | Reached skill level 8 in Unarmed Combat
  6114 | D:4      | Reached XP level 7. HP: 57/57 MP: 6/6
  6333 | D:4      | Reached skill level 9 in Unarmed Combat
  6673 | D:5      | Entered Level 5 of the Dungeon
  6696 | D:5      | Reached *** piety under Trog
  6786 | D:5      | Reached skill level 10 in Unarmed Combat
  6786 | D:5      | Reached XP level 8. HP: 48/63 MP: 2/7
  6887 | D:5      | Found a radiant altar of Vehumet.
  7137 | D:5      | Identified 7 scrolls of remove curse
  7200 | D:6      | Reached skill level 11 in Unarmed Combat
  7511 | D:6      | Reached skill level 12 in Unarmed Combat
  7519 | D:6      | Found a staircase to the Ecumenical Temple.
  7593 | D:6      | Identified 7 scrolls of identify
  7593 | D:6      | Identified 4 potions of curing
  7594 | D:6      | Identified 2 potions of cancellation
  7595 | D:6      | Identified 3 potions of heal wounds
  7596 | D:6      | Identified 2 potions of flight
  7597 | D:6      | Identified 2 potions of degeneration
  7598 | D:6      | Identified 2 potions of haste
  7633 | D:6      | Reached XP level 9. HP: 70/70 MP: 8/8
  7678 | D:6      | Found a glowing drain.
  7693 | Sewer    | Entered a sewer
  7754 | Sewer    | Identified a potion of resistance
  7788 | Sewer    | Reached **** piety under Trog
  8705 | D:7      | Identified 2 potions of brilliance
  8739 | D:7      | Reached ***** piety under Trog
  8782 | D:7      | Reached skill level 13 in Unarmed Combat
  8800 | D:7      | Noticed Prince Ribbit
  8914 | D:7      | Identified 4 scrolls of enchant armour
  9044 | D:7      | Reached skill level 14 in Unarmed Combat
  9196 | D:7      | Killed Prince Ribbit
  9196 | D:7      | Reached XP level 10. HP: 42/77 MP: 9/9
  9347 | D:7      | Identified a potion of lignification
  9672 | D:8      | Reached skill level 15 in Unarmed Combat
  9675 | D:8      | Found a staircase to the Lair.
  9695 | D:8      | Found Torytet's Magic Scroll Boutique.
  9836 | D:8      | Found a runed translucent gate.
  9841 | D:8      | Found a runed translucent door.
 10115 | D:8      | Found a runed translucent gate.
 10115 | D:8      | Found a runed translucent gate.
 10136 | D:8      | Found a runed translucent door.
 10171 | D:8      | Found the +9 staff of Olgreb {rPois∞}
 10230 | D:8      | Identified a potion of mutation
 10647 | D:9      | Noticed a cyclops
 10670 | D:9      | Killed a cyclops
 10670 | D:9      | Reached skill level 16 in Unarmed Combat
 11035 | D:9      | Found Xubbun's Assorted Antiques.
 11043 | D:9      | Bought a scroll labeled RULIKHL QAWIL for 22 gold pieces
 11043 | D:9      | Bought a scroll labeled DARO FASAIGUXU for 22 gold pieces
 11043 | D:9      | Bought 2 scrolls labeled FADDISS QUMORGH for 44 gold pieces
 11368 | D:10     | Entered Level 10 of the Dungeon
 11521 | D:10     | Noticed a two-headed ogre
 11521 | D:10     | Noticed a two-headed ogre
 11549 | D:10     | Killed a two-headed ogre
 11549 | D:10     | Reached skill level 17 in Unarmed Combat
 11549 | D:10     | Reached XP level 11. HP: 58/82 MP: 5/10
 11636 | D:10     | Noticed a deep elf mage
 11652 | D:10     | Killed a two-headed ogre
 11663 | D:10     | Killed a deep elf mage
 11663 | D:10     | Reached ****** piety under Trog
 11776 | D:10     | Identified 3 potions of might
 12026 | D:10     | Killed an unseen horror
 12157 | D:10     | Found a runed translucent door.
 12168 | D:10     | Found the +10 tower shield of Ignorance {rN+ Int-4}
 12174 | D:10     | Found a runed translucent door.
 12243 | D:10     | Found a transporter.
 12277 | D:10     | Found a staircase to the Orcish Mines.
 12368 | D:10     | Found a corrupted altar of Lugonu.
 12368 | D:10     | Noticed a thrashing horror
 12368 | D:10     | Noticed a brown ugly thing
 12419 | D:10     | Noticed a large abomination
 12420 | D:10     | Found a transporter.
 12453 | D:10     | Noticed an orange crystal statue
 12549 | D:11     | Killed an unseen horror
 12549 | D:11     | Reached skill level 18 in Unarmed Combat
 12752 | D:11     | Found a portal to a secret trove of treasure.
 12787 | D:11     | Received a gift from Trog
 12846 | D:11     | Noticed a two-headed ogre
 12859 | D:11     | Killed a two-headed ogre
 13332 | D:11     | Noticed a skeletal warrior
 13332 | D:11     | Noticed a skeletal warrior
 13352 | D:11     | Killed a skeletal warrior
 13359 | D:11     | Killed a skeletal warrior
 13635 | D:11     | Noticed a skeletal warrior
 13653 | D:11     | Killed a skeletal warrior
 13781 | D:11     | Noticed a skeletal warrior
 13794 | D:11     | Killed a skeletal warrior
 13794 | D:11     | Reached skill level 19 in Unarmed Combat
 13794 | D:11     | Reached XP level 12. HP: 42/89 MP: 5/11
 14492 | Lair:1   | Entered Level 1 of the Lair of Beasts
 14599 | Lair:1   | Noticed a five-headed hydra
 14611 | Lair:1   | Killed a five-headed hydra
 14758 | Lair:1   | Noticed a six-headed hydra
 14767 | Lair:1   | Killed a six-headed hydra
 15178 | Lair:1   | Reached skill level 20 in Unarmed Combat
 15376 | Lair:1   | Found a runed translucent gate.
 15520 | Lair:1   | Found a runed translucent gate.
 15520 | Lair:1   | Found a runed translucent gate.
 15528 | Lair:1   | Noticed zxspectator's ghost (journeyman GrFi)
 15759 | Lair:1   | Got a distressingly furry leather armour
 16058 | Lair:2   | Noticed a four-headed hydra
 16068 | Lair:2   | Killed a four-headed hydra
 16405 | Lair:2   | Reached skill level 21 in Unarmed Combat
 16411 | Lair:2   | Reached XP level 13. HP: 14/94 MP: 12/12
 16411 | Lair:2   | Received a gift from Trog
 16749 | Lair:2   | Found a staircase to the Snake Pit.
 17463 | Lair:2   | Found a staircase to the Shoals.
 17682 | Lair:2   | Got a warped chain mail
 17693 | Lair:2   | Identified the +8 chain mail "Yhuacees" {rCorr} (You found
                  | it on level 2 of the Lair of Beasts)
 18186 | Lair:3   | Reached skill level 22 in Unarmed Combat
 18361 | Lair:3   | Reached skill level 4 in Fighting
 18818 | Lair:3   | Reached skill level 5 in Fighting
 18842 | Lair:3   | Noticed a dire elephant
 18855 | Lair:3   | Killed a dire elephant
 18953 | Lair:3   | Reached skill level 6 in Fighting
 19404 | Lair:4   | Reached XP level 14. HP: 81/111 MP: 13/13
 19584 | Lair:4   | You fall into a shaft and drop 2 floors!
 19584 | Lair:6   | Entered Level 6 of the Lair of Beasts
 19609 | Lair:6   | Found a staircase to the Slime Pits.
 19609 | Lair:6   | Found a viscous altar of Jiyva.
 19631 | Lair:6   | Reached skill level 7 in Fighting
 20017 | Lair:6   | Reached skill level 8 in Fighting
 20281 | Lair:6   | Identified 6 scrolls of immolation
 20752 | Lair:4   | Identified a potion of berserk rage
 20753 | Lair:4   | Identified 2 potions of stabbing
 21747 | Lair:5   | Received a gift from Trog
 21762 | Lair:5   | Reached skill level 9 in Fighting
 22357 | Lair:5   | Reached skill level 23 in Unarmed Combat
 23131 | Lair:6   | Reached skill level 10 in Fighting
 23414 | Lair:6   | Identified a scroll of blinking
 23877 | Lair:6   | Received a gift from Trog
 23933 | Lair:6   | Got an emerald-encrusted scale mail
 24125 | Lair:6   | Identified the +1 scale mail "Zonalune" {rPois Regen+ Int-5
                  | SInv} (You found it on level 6 of the Lair of Beasts)
 24125 | Lair:6   | Lost intelligence.
 24550 | Lair:5   | Reached XP level 15. HP: 128/128 MP: 14/14
 24781 | Trove    | Entered a treasure trove
 24784 | Trove    | Found the +3 pair of gauntlets of War {Slay+5}
 24786 | Trove    | Found the +3 warlock's mirror {reflect}
 24789 | Trove    | Got a slimy buckler
 24825 | Trove    | Got an encrusted ring mail
 24827 | Trove    | Got a pair of blackened gloves
 24869 | Trove    | Got a spiked chain mail
 24887 | Trove    | Identified the +4 chain mail of the Minstrel {rPois rN+
                  | Dex-4} (You found it in a treasure trove)
 24897 | Trove    | Identified the +3 ring mail of the Furrier {Rampage MR-
                  | Str-3 Stlth+} (You found it in a treasure trove)
 24907 | Trove    | Identified the +1 pair of gloves of Demons {rF+ MR++ Str+3
                  | Int+4} (You found it in a treasure trove)
 24912 | Trove    | Identified the +3 buckler of the Morning Star {MR+ Dex+7}
                  | (You found it in a treasure trove)
 24993 | Orc:1    | Entered Level 1 of the Orcish Mines
 25176 | Orc:2    | Entered Level 2 of the Orcish Mines
 25181 | Orc:2    | Reached skill level 2 in Armour
 25285 | Orc:2    | Reached skill level 11 in Fighting
 25301 | Orc:2    | Noticed Urug
 25321 | Orc:2    | Reached skill level 3 in Armour
 25346 | Orc:2    | Killed Urug
 25413 | Orc:2    | Reached * piety under Trog
 25416 | Orc:2    | Reached skill level 4 in Armour
 25565 | Orc:2    | Found Gapryer's Assorted Antiques.
 25565 | Orc:2    | Found Oving's Jewellery Shop.
 25566 | Orc:2    | Found Feenyro's Magic Scroll Shop.
 25566 | Orc:2    | Found Iciorhar's Armour Emporium.
 25574 | Orc:2    | Found a gate leading to a gauntlet.
 25583 | Gauntlet | Entered a Gauntlet
 25583 | Gauntlet | Found a transporter.
 25583 | Gauntlet | Found a transporter.
 25584 | Gauntlet | Found a transporter.
 25587 | Gauntlet | Found a transporter.
 25587 | Gauntlet | Found a transporter.
 25597 | Gauntlet | Found a transporter.
 25598 | Gauntlet | Found a transporter.
 25667 | Gauntlet | Found a transporter.
 25677 | Gauntlet | Found a transporter.
 25692 | Gauntlet | Found a transporter.
 25704 | Gauntlet | Found a transporter.
 25717 | Gauntlet | Found a transporter.
 25819 | Gauntlet | Got a dazzling helmet
 25830 | Gauntlet | Identified the +0 helmet "Gero" {Int+4} (You found it in a
                  | Gauntlet)
 25860 | Gauntlet | Reached skill level 12 in Fighting
 25885 | Gauntlet | Reached skill level 5 in Armour
 25932 | Gauntlet | Got a heavily runed cloak
 25943 | Gauntlet | Identified the +1 cloak of Powerful the Good {rElec} (You
                  | found it in a Gauntlet)
 26103 | Orc:2    | Bought a scroll of noise for 15 gold pieces
 26106 | Orc:2    | Bought a scroll of fog for 30 gold pieces
 26109 | Orc:2    | Bought a runed cloak for 240 gold pieces
 26122 | Orc:2    | Bought a scroll of acquirement for 780 gold pieces
 26122 | Orc:2    | Acquired the +2 arbalest "Xoisch" {freeze, rF+}
 26297 | Orc:2    | Found a runed translucent door.
 26308 | Orc:2    | Found a transporter.
 26308 | Orc:2    | Noticed taqueso's ghost (journeyman DgGl)
 26318 | Orc:2    | Found a transporter.
 26387 | Orc:2    | Reached skill level 1 in Crossbows
 26411 | Orc:2    | Found a staircase to the Elven Halls.
 26812 | Orc:2    | Found a roughly hewn altar of Beogh.
 26961 | Orc:1    | Found a bloodstained altar of Trog.
 26982 | Orc:1    | Reached skill level 2 in Crossbows
 26985 | Orc:1    | Reached skill level 24 in Unarmed Combat
 27465 | D:10     | Reached skill level 6 in Armour
 27487 | D:10     | Reached skill level 3 in Crossbows
 27752 | D:10     | Identified a scroll of vulnerability
 27900 | D:8      | Reached XP level 16. HP: 139/139 MP: 15/15
 27939 | D:8      | Identified a potion of ambrosia
 28031 | Lair:1   | Killed zxspectator's ghost
 28278 | Orc:2    | Killed taqueso's ghost
 28288 | Orc:2    | Got a shimmering marble ring
 28292 | Orc:2    | Identified the cursed ring of Ucsy {Str+3 Dex-4} (You found
                  | it on level 2 of the Orcish Mines)
 28733 | D:12     | Reached skill level 4 in Crossbows
 28736 | D:12     | Got a pair of dazzling boots
 28750 | D:12     | Got a sparkling silver ring
 28754 | D:12     | Identified the cursed ring of Xom's Whimsicality {rElec
                  | Str-4 Int+10} (You found it on level 12 of the Dungeon)
 28795 | D:12     | Identified the +1 pair of boots of Xom's Brutal Revenge
                  | {rElec} (You found it on level 12 of the Dungeon)
 28825 | D:12     | Noticed Erolcha
 28830 | D:12     | Killed Erolcha
 28884 | D:12     | Found a basalt altar of Yredelemnul.
 29451 | D:13     | Reached skill level 7 in Armour
 29826 | D:13     | Reached skill level 5 in Crossbows
 30259 | D:13     | Found a gate to the Vaults.
 30693 | D:14     | Acquired a manual of Fighting
 30776 | D:14     | Found Fanieb's Antique Weapon Shoppe.
 31004 | D:14     | Reached skill level 13 in Fighting
 31052 | D:14     | Found Otrarice's Book Emporium.
 31181 | D:14     | Reached skill level 14 in Fighting
 31471 | D:14     | Received a gift from Trog
 31770 | D:15     | Entered Level 15 of the Dungeon
 32096 | D:15     | Reached skill level 15 in Fighting
 32111 | D:15     | Found a staircase to the Depths.
 32364 | D:15     | Noticed Rupert
 32374 | D:15     | Cast into level 3 of the Abyss (Rupert)
 32414 | Abyss:3  | Noticed a tentacled starspawn
 32423 | Abyss:3  | Killed a tentacled starspawn
 32433 | Abyss:3  | Reached skill level 16 in Fighting
 32549 | Abyss:3  | Found a corrupted altar of Lugonu.
 32567 | Abyss:3  | Noticed a tentacled starspawn
 32578 | Abyss:3  | Killed a tentacled starspawn
 32578 | Abyss:3  | Reached XP level 17. HP: 112/160 MP: 16/16
 32617 | Abyss:3  | Reached skill level 17 in Fighting
 32654 | D:15     | Escaped the Abyss
 32664 | D:15     | Killed Rupert
 33175 | D:15     | Identified 7 scrolls of amnesia
 33178 | D:15     | Identified 6 scrolls of enchant weapon
 33179 | D:15     | Identified 5 scrolls of fear
 33440 | Snake:1  | Entered Level 1 of the Snake Pit
 33464 | Snake:1  | Reached skill level 8 in Armour
 34058 | Snake:1  | Received a gift from Trog
 34106 | Snake:1  | Reached skill level 9 in Armour
 34107 | Snake:1  | Identified 3 scrolls of random uselessness
 34108 | Snake:1  | Identified 2 scrolls of torment
 34416 | Snake:1  | Found Tuhif's Jewellery Emporium.
 34417 | Snake:1  | Found Louxonkigao's Book Emporium.
 34418 | Snake:1  | Found Cutant's Jewellery Emporium.
 34422 | Snake:1  | Found Haoqiaddud's Gadget Emporium.
 35194 | Snake:2  | Reached skill level 10 in Armour
 35699 | Snake:2  | Reached skill level 11 in Armour
 35733 | Snake:2  | Found a shimmering blue altar of Sif Muna.
 35936 | Snake:2  | Found a transporter.
 35942 | Snake:2  | Identified the ring "Pomanaz" {+Blink +Fly Int+5}
 36000 | Snake:2  | Found a transporter.
 36024 | Snake:2  | Reached skill level 12 in Armour
 36649 | Snake:3  | Identified a scroll of brand weapon
 36650 | Snake:3  | Identified a potion of magic
 36835 | Snake:3  | Reached XP level 18. HP: 167/170 MP: 15/17
 37015 | Snake:3  | Reached skill level 13 in Armour
 37524 | Snake:3  | Found Jebat's Jewellery Shoppe.
 37826 | Snake:4  | Entered Level 4 of the Snake Pit
 37901 | Snake:4  | Received a gift from Trog
 37901 | Snake:4  | Reached skill level 14 in Armour
 38464 | Snake:4  | Reached skill level 15 in Armour
 38633 | Snake:4  | Reached skill level 16 in Armour
 38825 | Snake:4  | Received a gift from Trog
 39014 | Snake:4  | Reached skill level 17 in Armour
 39047 | Snake:4  | Got a serpentine rune of Zot
 39243 | Shoals:1 | Entered Level 1 of the Shoals
 39493 | Shoals:1 | Reached XP level 19. HP: 110/177 MP: 9/18
 40277 | Shoals:2 | Noticed Frances
 40289 | Shoals:2 | Killed Frances
 40289 | Shoals:2 | Received a gift from Trog
 40488 | Shoals:2 | Reached skill level 18 in Fighting
 41339 | Shoals:3 | Acquired a manual of Dodging
 41361 | Shoals:3 | Reached skill level 2 in Dodging
 41417 | Shoals:3 | Reached skill level 25 in Unarmed Combat
 41731 | Shoals:3 | Reached skill level 3 in Dodging
 41800 | Shoals:3 | Reached skill level 4 in Dodging
 42028 | Shoals:3 | Found Vetz's Antique Weapon Shoppe.
 42044 | Shoals:3 | Reached skill level 5 in Dodging
 42162 | Shoals:3 | Received a gift from Trog
 42164 | Shoals:3 | Found a runed translucent door.
 42167 | Shoals:3 | Noticed Fuleax's ghost (journeyman GrFi)
 42441 | Shoals:4 | Entered Level 4 of the Shoals
 42517 | Shoals:4 | Reached skill level 6 in Dodging
 42973 | Shoals:4 | Reached skill level 7 in Dodging
 43016 | Shoals:4 | Identified the +4 arbalest of the Blessed Realm {venom, rC-
                  | Str+4 Int+5 Dex+4}
 43066 | Shoals:4 | Noticed Polyphemus
 43445 | Shoals:4 | Killed Polyphemus
 43445 | Shoals:4 | Reached skill level 8 in Dodging
 43820 | Shoals:4 | Received a gift from Trog
 43827 | Shoals:4 | Reached XP level 20. HP: 119/189 MP: 7/19
 43841 | Shoals:4 | Reached skill level 9 in Dodging
 44165 | Shoals:4 | Identified a +1 pair of boots of running (You found it on
                  | level 4 of the Shoals)
 44173 | Shoals:4 | Got a barnacled rune of Zot
 44679 | Elf:1    | Entered Level 1 of the Elven Halls
 44753 | Elf:1    | Reached skill level 10 in Dodging
 44796 | Elf:1    | Found a radiant altar of Vehumet.
 44830 | Elf:1    | Found an ancient bone altar of Kikubaaqudgha.
 44832 | Elf:1    | Found an ancient bone altar of Kikubaaqudgha.
 44832 | Elf:1    | Found a radiant altar of Vehumet.
 45026 | Elf:1    | Received a gift from Trog
 45155 | Elf:1    | Reached skill level 11 in Dodging
 45248 | Elf:1    | Got a brightly glowing cloak
 45259 | Elf:1    | Identified the +1 cloak of the Soldier {rC+ Str+4 Stlth+}
                  | (You found it on level 1 of the Elven Halls)
 45444 | Elf:1    | Reached skill level 26 in Unarmed Combat
 45786 | Elf:1    | Received a gift from Trog
 46552 | Elf:2    | Got a wavering brass ring
 46553 | Elf:2    | Identified the ring "Gaopyar" {*Corrode rPois Str+3 Dex+9
                  | Slay-2} (You found it on level 2 of the Elven Halls)
 46777 | Elf:2    | Found a runed translucent gate.
 46777 | Elf:2    | Found a runed translucent gate.
 46780 | Elf:2    | Found a runed translucent gate.
 47490 | Elf:2    | Noticed Nikola
 47504 | Elf:2    | Killed Nikola
 47504 | Elf:2    | Received a gift from Trog
 47548 | Elf:2    | Reached XP level 21. HP: 101/195 MP: 8/20
 48036 | Elf:3    | Entered Level 3 of the Elven Halls
 48122 | Elf:3    | Got a flickering wooden ring
 49245 | Elf:3    | Reached skill level 18 in Armour
 49284 | Elf:3    | Received a gift from Trog
 49498 | Elf:3    | Identified the +2 robe of Agoraphobia {rElec Int+2 Slay-4
                  | SInv}
 49592 | Elf:3    | Identified a scroll of holy word
 49593 | Elf:3    | Identified a scroll of silence
 49596 | Elf:3    | Identified the ring "Lun Nit" {MP+9 Int+5} (You found it on
                  | level 3 of the Elven Halls)
 49891 | Elf:3    | Identified the +7 falchion of Resourcefulness {antimagic,
                  | *Contam Str+2 Int+4 Dex+3}
 49986 | Elf:3    | Found the +9 staff of Wucad Mu {channel}
 50002 | Elf:3    | Identified Sif Muna's Almanac of the Birds and Bewitchment
 50006 | Elf:3    | Identified the amulet "Hazomeigh" {Spirit Dex+8} (You found
                  | it on level 3 of the Elven Halls)
 50445 | Vaults:1 | Entered Level 1 of the Vaults
 50499 | Vaults:1 | Reached skill level 27 in Unarmed Combat
 50552 | Vaults:1 | Received a gift from Trog
 50599 | Vaults:1 | Found Wuippos's Antique Armour Boutique.
 50898 | Vaults:1 | Reached skill level 6 in Crossbows
 51152 | Vaults:1 | Reached skill level 7 in Crossbows
 51844 | Vaults:2 | Reached skill level 8 in Crossbows
 51848 | Vaults:2 | Reached XP level 22. HP: 182/203 MP: 16/21
 51959 | Vaults:2 | Received a gift from Trog
 52150 | Vaults:2 | Reached skill level 9 in Crossbows
 52344 | Vaults:2 | Found Sedghieth's Weapon Emporium.
 52373 | Vaults:2 | Received a gift from Trog
 52373 | Vaults:2 | Reached skill level 10 in Crossbows
 52896 | Vaults:2 | Found a staircase to the Crypt.
 52896 | Vaults:2 | Found an ancient bone altar of Kikubaaqudgha.
 52897 | Vaults:2 | Found a basalt altar of Yredelemnul.
 53020 | Vaults:2 | Reached skill level 11 in Crossbows
 53208 | Vaults:2 | Received a gift from Trog
 53212 | Vaults:2 | Reached skill level 12 in Crossbows
 54035 | Vaults:3 | Found Anlos's General Store.
 54068 | Vaults:3 | Found Wamuasonn's Assorted Antiques.
 54120 | Vaults:3 | Reached skill level 13 in Crossbows
 54271 | Vaults:3 | Found Qafeff's Magic Scroll Shop.
 54306 | Vaults:3 | Bought a scroll of acquirement for 1040 gold pieces
 54306 | Vaults:3 | Acquired a manual of Armour
 54545 | Vaults:3 | Reached skill level 19 in Armour
 54690 | Vaults:3 | Found Bereq's Assorted Antiques.
 54698 | Vaults:3 | Bought a scroll labeled ZOUBYG JUOFE for 49 gold pieces
 54769 | Vaults:4 | Received a gift from Trog
 54783 | Vaults:4 | Reached XP level 23. HP: 183/210 MP: 17/22
 54930 | Vaults:4 | Reached skill level 20 in Armour
 54942 | Vaults:4 | Found Iqaywk's Antique Armour Boutique.
 55077 | Vaults:4 | Found a burning altar of Makhleb.
 55092 | Vaults:4 | Found Exkaota's Antique Armour Boutique.
 55235 | Vaults:4 | Found a flickering gateway to a bazaar.
 55241 | Vaults:4 | Received a gift from Trog
 55276 | Vaults:4 | Reached skill level 21 in Armour
 55312 | Bazaar   | Entered a bazaar
 55312 | Bazaar   | Found Soedele's Magic Scroll Boutique.
 55319 | Bazaar   | Found Epoempus's Antique Armour Shoppe.
 55327 | Bazaar   | Found Xekemu's General Store.
 55338 | Bazaar   | Found Qen Ror's Jewellery Boutique.
 55350 | Bazaar   | Found Enutasaf's Antique Weapon Emporium.
 55383 | Bazaar   | Bought a scroll of blinking for 60 gold pieces
 55408 | Bazaar   | Bought a scroll of enchant armour for 60 gold pieces
 55668 | Vaults:4 | Found a runed translucent door.
 55882 | Vaults:4 | Found Redy's Antique Armour Shoppe.
 55890 | Vaults:4 | Found Wiavad's Assorted Antiques.
 55901 | Vaults:4 | Bought a shiny helmet for 157 gold pieces
 55905 | Vaults:4 | Bought a scroll of blinking for 157 gold pieces
 56415 | Vaults:4 | Noticed Pujoirph's ghost (adept MfFi)
 56432 | Vaults:4 | Killed Pujoirph's ghost
 56785 | Depths:1 | Entered Level 1 of the Depths
 57123 | Depths:1 | Received a gift from Trog
 57486 | Depths:1 | Found a one-way gate to the infinite horrors of the Abyss.
 57493 | Depths:1 | Reached skill level 14 in Crossbows
 57603 | Depths:1 | Reached skill level 1 in Evocations
 57682 | Depths:1 | Reached skill level 2 in Evocations
 57962 | Depths:1 | Found a gateway to Hell.
 57983 | Depths:1 | Reached skill level 3 in Evocations
 58040 | Depths:1 | Reached XP level 24. HP: 218/218 MP: 21/22
 58427 | Depths:2 | Reached skill level 4 in Evocations
 58659 | Depths:2 | Received a gift from Trog
 58777 | Depths:2 | Found a one-way gate leading to the halls of Pandemonium.
 58849 | Depths:2 | Noticed Margery
 58868 | Depths:2 | Killed Margery
 58868 | Depths:2 | Reached skill level 5 in Evocations
 58889 | Depths:2 | Reached skill level 22 in Armour
 58925 | Depths:2 | Found a sacrificial altar of Ru.
 59061 | Depths:2 | Identified the +8 great sword "Osit" {vamp, Fragile rC-
                  | rN++ Dex+9}
 59069 | Depths:2 | Reached skill level 6 in Evocations
 59154 | Depths:2 | Received a gift from Trog
 59466 | Depths:2 | Reached skill level 7 in Evocations
 59622 | Depths:3 | Noticed Saint Roka
 59644 | Depths:3 | Killed Saint Roka
 59702 | Depths:3 | Found Ketugrami's Gadget Emporium.
 59959 | Depths:3 | Reached skill level 8 in Evocations
 60073 | Depths:3 | Received a gift from Trog
 60150 | Depths:3 | Found a runed translucent door.
 60151 | Depths:3 | Noticed Mostry's ghost (veteran MfBe)
 60206 | Depths:3 | Identified the +7 demon whip of Insomnia {elec, rElec
                  | Int+3}
 60317 | Depths:3 | Killed Mostry's ghost
 60378 | Depths:3 | Reached skill level 9 in Evocations
 61017 | Depths:4 | Received a gift from Trog
 61017 | Depths:4 | Reached XP level 25. HP: 225/225 MP: 22/22
 61018 | Depths:4 | Noticed Louise
 61035 | Depths:4 | Killed Louise
 61215 | Depths:4 | Reached skill level 10 in Evocations
 61527 | Depths:4 | Reached skill level 23 in Armour
 62170 | Depths:4 | Received a gift from Trog
 62374 | Depths:4 | Found a gateway to a ziggurat.
 62605 | Depths:4 | Reached skill level 11 in Evocations
 62736 | Depths:4 | Found a runed translucent gate.
 62736 | Depths:4 | Found a runed translucent gate.
 62736 | Depths:4 | Found a runed translucent gate.
 62736 | Depths:4 | Noticed qborf2's ghost (veteran TeCj)
 62748 | Depths:4 | Killed qborf2's ghost
 62755 | Depths:4 | Identified the Handbook of the Torrid Oath
 62886 | Depths:4 | Noticed an ancient lich
 62952 | Depths:4 | Killed an ancient lich
 62966 | Depths:4 | Identified the cursed +0 hand crossbow of Butchery {vorpal,
                  | rElec Str+3 Stlth+} (You found it on level 4 of the Depths)
 63030 | Depths:5 | Entered Level 5 of the Depths
 63192 | Depths:5 | Received a gift from Trog
 63469 | Depths:5 | Cast into level 2 of the Abyss (hell knight)
 63569 | Abyss:4  | Found a glowing golden altar of the Shining One.
 63573 | Abyss:4  | Reached skill level 12 in Evocations
 63579 | Abyss:4  | Identified the -1 buckler of Cemomm {rPois MR+ rCorr Str-5}
 63606 | Abyss:4  | Noticed a juggernaut
 63612 | Abyss:4  | Killed a juggernaut
 63616 | Abyss:4  | Got an abyssal rune of Zot
 63667 | Abyss:4  | Upgraded the game from 0.26-a0-612-gd4d190f to
                  | 0.26-a0-613-g4f23886
 63670 | Abyss:4  | Found a glowing golden altar of the Shining One.
 63693 | Depths:5 | Escaped the Abyss
 63750 | Depths:5 | Noticed Boris
 63765 | Depths:5 | Killed Boris
 63882 | Depths:5 | Received a gift from Trog
 64056 | Depths:5 | Noticed Mennas
 64096 | Depths:5 | Killed Mennas
 64096 | Depths:5 | Reached XP level 26. HP: 209/233 MP: 21/22
 64458 | Depths:5 | Reached skill level 13 in Evocations
 64619 | Depths:5 | Found a gate to the Realm of Zot.
 64836 | Zot:1    | Entered Level 1 of the Realm of Zot
 64869 | Zot:1    | Reached skill level 24 in Armour
 64993 | Zot:2    | Noticed an orb of fire
 65170 | Zot:1    | Mangled by a black draconian monk

Illustrated notes

Levels and vault maps discovered:
D:1:      tarquinn_simple_flora_water_f, layout_basic,
          minmay_misc_feat_nine_boxes
D:2:      layout_basic, old_standard_altar, uniq_jessica, uniq_sigmund
D:3:      layout_rooms, fedhas_altar_3, ashenzari_altar_1,
          chequers_ecumenical_altar_simple, uniq_terence
D:4:      layout_loops_cross, tgw_trog
D:5:      layout_rooms, basic_altar, minmay_misc_feat_tower
D:6:      layout_loops_ring, minmay_temple_entry_junction_2,
          cheibrodos_sewer_entry_bend
D:7:      layout_gridville, uniq_prince_ribbit1
D:8:      layout_loops_ring, lair_entry_dummy, serial_shops, shop, st_stairs_13,
          minmay_guarded_unrand_staff_of_olgreb
D:9:      layout_basic, serial_shops, shop
D:10:     gammafunk_corrupted_shrine, layout_rooms, orc_0_dummy,
          chequers_guarded_unrand_ignorance
D:11:     layout_long_grid, nicolae_trove_entry_free_sample, grunt_decor_clamped
D:12:     layout_basic, basic_altar, minmay_radiant, uniq_erolcha
D:13:     layout_grid_maze, hangedman_vaults_entry_quadrant_bands,
          minmay_misc_feat_four_crosses
D:14:     minmay_glassy_protrusions, layout_gridville,
          chequers_serial_rivers_micro_e, serial_shops, shop_fountains, shop
D:15:     hangedman_depths_entry_try_elsewhere_first, layout_stronghold,
          uniq_rupert
Lair:1:   beast_lair_carwin_large_1, layout_regular_city,
          ebering_ghost_rock_garden, hangedman_lair_generics_rect
Lair:2:   layout_chaotic_city, elwin_shoals_entry_stream,
          minmay_snake_entry_guardpost_small, forest_entry_grove
Lair:3:   mu_elephants_graveyard, layout_loops_ring
Lair:4:   layout_gridlike, serial_bayou_lagoon_b
Lair:5:   layout_small_grid
Lair:6:   guppyfry_lair_end_dragon, layout_gridlike,
          hangedman_lair_caniforms_friends, slime_altar_1
Shoals:1: layout_shoals
Shoals:2: layout_shoals, uniq_frances
Shoals:3: layout_shoals, serial_shops, nicolae_shop_crystal,
          ebering_ghost_inner_flame
Shoals:4: shoals_end_grunt_garden, layout_shoals, uniq_polyphemus
Snake:1:  layout_chambers, minmay_shop_grid_forest, serial_bayou_shore_a
Snake:2:  gammafunk_sealed_library, layout_basic
Snake:3:  layout_chambers, serial_shops, shop
Snake:4:  johnstein_snake_rune_scales, layout_rooms
Orc:1:    layout_caves, basic_altar
Orc:2:    st_orc_ogre_mass, layout_caves, gauntlet_entry_generic,
          gammafunk_ghost_berserking_beasts, lightli_church_of_beogh, uniq_urug
Elf:1:    minmay_the_grid_octo_tiled_octocenter [minmay_the_grid_octo_teeth,
          minmay_the_grid_octo_clover_2, minmay_the_grid_octo_checkered,
          minmay_the_grid_octo_shrine, minmay_the_grid_octo_prize_star,
          minmay_the_grid_square_5x5_inset, minmay_the_grid_square_5x5_plus,
          minmay_the_grid_square_5x5_tetrominoes,
          minmay_the_grid_square_5x5_minimal], layout_loops_corners,
          minmay_elf_annihilation, minmay_curled_crystal
Elf:2:    layout_onion_city, serial_co_window_serial, co_window_paths_a,
          co_window_corner_a, co_window_cross_1, co_window_paths_a,
          co_window_corner_a, co_window_cross_3, uniq_nikola
Elf:3:    elf_hall_gauntlet_wide, layout_geoelf_octagon, guppyfry_elf_castle
Vaults:1: nicolae_vaults_know_your_exits, v_rooms_5, vaults_mumra_minichess,
          grunt_vaults_hallway_long, ontoclasm_vaults_idyll, v_alt_pattern_1,
          hangedman_vaults_snaps, layout_vaults_big_room, serial_shops,
          nicolae_shop_crystal
Vaults:2: v_misc_22, minmay_crypt_entry_necro_gods, hangedman_vaults_stream,
          v_pattern_3, vaults_room_octagon, vaults_standard_mumra_x,
          grunt_vaults_focal, nicolae_vaults_halls_meeting,
          ontoclasm_vaults_ring_square, v_misc_25, vaults_room_stairs_pillars,
          nicolae_vaults_rhombus_6, vaults_room_hallway,
          layout_vaults_big_cross, serial_shops, shop
Vaults:3: v_alt_pattern_1, hangedman_vaults_capsules,
          nicolae_vaults_three_branches, ontoclasm_vaults_gallery,
          vaults_room_grid, vaults_room_octagon, ontoclasm_vaults_bender,
          vaults_room_stairs_pillars, nicolae_vaults_alarming,
          vaults_dpeg_hooks, layout_vaults_ring, serial_shops, shop,
          nicolae_shop_stone, shop, shop
Vaults:4: ebering_vaults_ghost_reflecting_pool, st_diamondy,
          vaults_mumra_minichess_inversion, vaults_room_corners, v_misc_11,
          vaults_dpeg_cross, hangedman_vaults_corner_blocks,
          vaults_room_door_hall, vaults_room_grunt_arrival_ludios,
          grunt_vaults_funnel, layout_vaults_quadrants, serial_shops,
          bzr_entry_gold, shop, shop, shop, nicolae_shop_overgrown_old_shop,
          basic_altar
Depths:1: layout_long_grid, minmay_room_of_horrors, hell_entry,
          minmay_misc_feat_rows, hangedman_stitches_earthworm
Depths:2: dpeg_oklob_gauntlet, layout_gridlike, grunt_metal_band,
          old_standard_altar, rand_demon_pan_entry_1
Depths:3: minmay_curly_fans, layout_basic, serial_shops, shop, hellmouth_1,
          corexii_leaking_fountain, gammafunk_ghost_grave,
          grunt_pan_entry_in_and_out, uniq_saint_roka, uniq_margery
Depths:4: cheibrodos_cascadia, layout_cave_shapes, enter_ziggurat_d,
          kennysheep_crisscross, hell_entry,
          nicolae_abyss_entry_one_way_or_another, ebering_ghost_rock_garden,
          kennysheep_small_spiral, infiniplex_staircase_pillars_1
Depths:5: evilmike_zot_entry_hall, layout_cave_pools, roderic_lattice_a,
          hangedman_coc_ice_floe, uniq_mennas, uniq_boris
Zot:1:    layout_concentric_octagons
Zot:2:    hangedman_zot_vaults_quadrants, layout_onion

Skill      XL: |  1  2  3  4  5  6  7  8  9 10 11 12 13 14 15 16 17 18 19 20 21 22 23 24 25 26 |
---------------+-------------------------------------------------------------------------------+-----
Unarmed Combat | 4 5 7 8 10 12 14 17 19 21 22 23 24 25 26 27 | 27.0
Fighting       | 6 10 12 16 17 18 | 18.3
Armour         | 6 7 12 17 18 19 21 22 23 24 | 24.1
Crossbows      | 3 5 8 13 14 | 14.5
Dodging        | 8 11 | 11.5
Evocations     | 3 9 12 13 | 13.0

Action                   |  1- 3 |  4- 6 |  7- 9 | 10-12 | 13-15 | 16-18 | 19-21 | 22-24 | 25-27 || total
-------------------------+-------+-------+-------+-------+-------+-------+-------+-------+-------++-------
Melee: Unarmed           |    95 |   126 |   390 |   605 |  1219 |  1258 |  1464 |  1306 |   628 ||  7091
       Punch             |     2 |     5 |    13 |    42 |   116 |   111 |   152 |   198 |   104 ||   743
 Fire: Arbalest          |       |       |       |       |       |       |       |   274 |    74 ||   348
Throw: Dart              |       |       |       |     4 |       |       |       |       |       ||     4
Invok: Brothers in Arms  |       |       |       |       |       |       |       |       |     3 ||     3
       Trog's Hand       |       |       |       |       |       |       |       |       |     2 ||     2
Evoke: Wand              |       |       |       |     2 |     6 |       |       |       |     3 ||    11
  Use: Scroll            |       |     1 |    10 |     6 |    16 |    13 |    14 |     6 |     8 ||    74
       Potion            |       |       |       |     1 |     1 |     2 |     1 |       |    10 ||    15
 Stab: Sleeping          |       |     2 |       |       |       |       |       |       |       ||     2
       Invisible         |       |       |       |       |       |     1 |       |       |       ||     1
       Petrified         |       |       |       |       |       |       |     2 |       |       ||     2
       Petrifying        |       |       |       |       |       |       |     1 |       |       ||     1
Armor: Animal skin       |    28 |    25 |       |       |       |       |       |       |       ||    53
       Leather armour    |       |       |   137 |       |       |       |       |       |       ||   137
       Chain mail        |       |       |     1 |   287 |   481 |       |       |       |       ||   769
       Crystal plate arm |       |       |       |       |   317 |   956 |   958 |   656 |   448 ||  3335
Dodge: Dodged            |    49 |    60 |   181 |   162 |   311 |   276 |   400 |   556 |   334 ||  2329

Table legend: (Time is in decaauts)
 A = Elapsed time spent in this place.
 B = Non-inter-level travel time spent in this place.
 C = Inter-level travel time spent in this place.
 D = Time resting spent in this place.
 E = Time spent auto-exploring this place.
 F = Levels seen in this place.
 G = Mean time per level.
                   A        B        C        D        E       F      G
               +--------+--------+--------+--------+--------+-----+--------+
         Total |  61407 |  57837 |   3570 |  11489 |  33023 |  53 | 1158.6 |
       Dungeon |  19614 |  18231 |   1383 |   4104 |  11182 |  15 | 1307.6 |
          Lair |  10037 |   9491 |    546 |   2885 |   4783 |   6 | 1672.8 |
        Shoals |   5209 |   4956 |    253 |    970 |   2631 |   4 | 1302.2 |
     Snake Pit |   5460 |   5231 |    229 |    716 |   3626 |   4 | 1365.0 |
  Orcish Mines |   2060 |   1722 |    338 |    280 |    866 |   2 | 1030.0 |
   Elven Halls |   5069 |   4882 |    187 |   1061 |   2706 |   3 | 1689.7 |
        Vaults |   5239 |   4878 |    361 |    272 |   3198 |   4 | 1309.8 |
        Depths |   6743 |   6474 |    269 |    935 |   3716 |   5 | 1348.6 |
           Zot |    277 |    277 |      0 |    101 |      0 |   2 |  138.5 |
         Abyss |    434 |    434 |      0 |     60 |      0 |   4 |  108.5 |
        Bazaar |    103 |    103 |      0 |      0 |     51 |   1 |  103.0 |
         Trove |    147 |    147 |      0 |      0 |      2 |   1 |  147.0 |
         Sewer |    541 |    541 |      0 |     12 |    233 |   1 |  541.0 |
      Gauntlet |    467 |    467 |      0 |     91 |     25 |   1 |  467.0 |
               +--------+--------+--------+--------+--------+-----+--------+

Top non-repeatable levels by time:
     D:4: 3510 daAuts
  Lair:6: 2433 daAuts
  Lair:2: 2099 daAuts
    D:11: 2044 daAuts
   Elf:3: 2042 daAuts
    D:10: 1909 daAuts
Depths:3: 1842 daAuts
 Snake:1: 1662 daAuts
  Lair:5: 1659 daAuts
Shoals:4: 1642 daAuts
   Orc:2: 1588 daAuts
  Lair:1: 1569 daAuts
   Elf:2: 1522 daAuts
   Elf:1: 1504 daAuts
Vaults:2: 1482 daAuts
